 Dungeon Sprint DCSS version 0.19-a0-330-g034cfd4 (webtiles) character file.

9 oplop the Sneak (level 2, -9/13 HPs)
             Began as a Vine Stalker Enchanter on May 28, 2016.
             Mangled by an ice beast (11 damage)
             ... in the Dungeon (Sprint IX: "|||||||||||||||||||||||||||||").
             The game lasted 00:00:17 (34 turns).

oplop the Sneak (Vine Stalker Enchanter)              Turns: 34, Time: 00:00:18

Health: -9/13      AC:  3    Str: 10    XL:     2   Next: 16%
Magic:  0/6        EV: 12    Int: 15    God:
Gold:   0          SH:  0    Dex: 14    Spells: 2 memorised, 3 levels left

rFire  . . .     SeeInvis .     a - +1 dagger
rCold  . . .     Gourm    .     b - +1 robe
rNeg   . . .     Faith    .     (no shield)
rPois  .         Spirit   +     (no helmet)
rElec  .         Dismiss  .     (no cloak)
rCorr  .         Reflect  .     (no gloves)
SustAt .         Harm     .     (no boots)
MR     .....     NoTele   +     (no amulet)
Stlth  +++.......               (no ring)
                                (no ring)

@: not resistant to hostile enchantments, fairly stealthy
A: fangs 2, regeneration 1, magic shield, antimagic bite, no device heal 3, rot
immunity
a: no special abilities


You were in the Dungeon.
You were not hungry.

You visited 1 branch

Inventory:

Hand Weapons
 a - a +1 dagger (weapon)
Armour
 b - a +1 robe (worn)
Scrolls
 j - a scroll of blinking
Potions
 e - a potion of curing
 f - a potion of heal wounds
 g - a potion of haste
 h - 2 potions of magic
 i - a potion of berserk rage
Books
 c - a book of Maledictions

   Spells                             Type                      Level
   a - Corona                         Hexes                        1
   b - Ensorcelled Hibernation        Hexes/Ice                    2
   c - Confuse                        Hexes                        3
   d - Tukima's Dance                 Hexes                        3
   e - Dazzling Spray                 Conjuration/Hexes            3
Comestibles
 d - a bread ration
 k - 2 chunks of flesh


   Skills:
 - Level 0.8 Short Blades
 - Level 1.5 Dodging
 + Level 5.0 Stealth
 + Level 2.6 Spellcasting
 + Level 4.1 Hexes


You had 3 spell levels left.
You knew the following spells:

 Your Spells              Type           Power        Failure   Level  Hunger
a - Corona                Hex            ##.....      4%          1    #......
b - Ensorcelled Hibernat  Hex/Ice        #.....       14%         2    ###....


Dungeon Overview and Level Annotations

Branches:
Dungeon (1/1)

Altars:


Innate Abilities, Weirdness & Mutations

You have extremely sharp teeth.
Your natural rate of healing is unusually fast.
When hurt, damage is shared between your health and your magic reserves.
Your bite disrupts and absorbs the magic of your enemies.
Potions and wands cannot restore your health.
You are immune to rotting.


Message History

You impale the quokka skeleton!!
You destroy the quokka skeleton!
Your Stealth skill increases to level 5!
The helpless ice beast fails to defend itself.
You impale the ice beast!!
You bite the ice beast, but do no damage.
The ice beast is severely wounded.
The ice beast hits you. The ice beast freezes you!
You hit the ice beast but do no damage. Your bite misses the ice beast.
The ice beast is severely wounded.
The shadow imp shouts, "Slither home, thou bumbling swag-bellied tiler!"
The ice beast hits you but does no damage.
You barely miss the ice beast.
You bite the ice beast, but do no damage.
The ice beast is severely wounded.
The ice beast hits you.
* * * LOW HITPOINT WARNING * * *
The ice beast freezes you!
Ouch! That really hurt!
You die...

▓+▓
▓o▓
▓5▓
▓S▓
▓Y▓
▓@▓
▓'▓
▓.▓
▓.▓
▓.▓
▓.▓
▓)▓
▓'▓
▓.▓


You could see an ice beast, an orc wizard, an adder and a shadow imp.

Vanquished Creatures
  An ooze (D)
  A ball python (D)
  A hobgoblin (D)
  2 giant newts (D)
  A quokka skeleton (D)
6 creatures vanquished.

Vanquished Creatures (others)
  A spatial maelstrom (D)
1 creature vanquished.

Grand Total: 7 creatures vanquished

Notes
Turn   | Place    | Note
--------------------------------------------------------------
     0 | D        | oplop the Vine Stalker Enchanter began the quest for the Orb.
     0 | D        | Reached XP level 1. HP: 9/9 MP: 4/4
     9 | D        | Reached skill level 4 in Stealth
    10 | D        | Reached XP level 2. HP: 11/13 MP: 4/6
    21 | D        | Banished a spatial maelstrom
    24 | D        | Learned a level 2 spell: Ensorcelled Hibernation
    28 | D        | Noticed an ice beast
    30 | D        | Reached skill level 5 in Stealth
    34 | D        | Mangled by an ice beast

Vault maps used:
D:        linesprint

Skill      XL: |  1  2 |
---------------+-------+-----
Stealth        | 4 5 |  5.0
Hexes          | 4 |  4.1
Short Blades   | |  0.8
Dodging        | |  1.5
Spellcasting   | |  2.6

Action                   || total
-------------------------++-------
Melee: Dagger            ||    14
       Bite              ||     6
 Stab: Sleeping          ||     3
Armor: Robe              ||     2
Dodge: Dodged            ||     2
